 Dungeon Crawl Stone Soup version 0.28.0-43-g3370ac3207 (webtiles) character file.

Game seed: 9145053816260372364

2804 fknight the Spear-Bearer (level 9, -2/74 HPs)
             Began as a Gnoll Berserker on Mar 8, 2022.
             Was a Priest of Trog.
             Slain by Joseph
             ... wielding a +0 quarterstaff
              (7 damage)
             ... on level 7 of the Dungeon.
             The game lasted 00:17:31 (5419 turns).

fknight the Spear-Bearer (Gnoll Berserker)          Turns: 5419, Time: 00:17:32

Health: -2/74      AC: 15    Str: 24    XL:     9   Next: 72%
Magic:  15/15      EV: 10    Int:  6    God:    Trog [***...]
Gold:   63         SH:  0    Dex: 13    Spells: 17/17 levels left

rFire   . . .      SeeInvis .   i - +10 hand axe of Myl Zets {vorpal, Str+4}
rCold   . . .      Faith    .   (no shield)
rNeg    . . .      Spirit   .   d - +0 chain mail
rPois   .          Reflect  .   D - +0 helmet
rElec   .          Harm     .   v - +0 cloak
rCorr   .          Rampage  .   w - +0 pair of gloves
Will    ++...                   E - +0 pair of boots
Stlth   ..........              (no amulet)
HPRegen 1.22/turn               q - ring of flight
MPRegen 0.14/turn               (no ring)

@: mighty, strong-willed, on berserk cooldown, flying, regenerating, slowed,
very slow
A: fangs 1, strong nose, distributed training
a: Renounce Religion, Berserk, Trog's Hand


You were on level 7 of the Dungeon.
You worshipped Trog.
Trog was most pleased with you.
You visited 1 branch of the dungeon, and saw 7 of its levels.

You collected 239 gold pieces.
You spent 176 gold pieces at shops.

Inventory:

Hand Weapons
 a - a +0 spear
 i - the +10 hand axe of Myl Zets (weapon) {vorpal, Str+4}
   (You found it on level 3 of the Dungeon)

   It inflicts extra damage upon your enemies.
   Str:       It affects your strength (+4).
 n - a +0 whip
 t - a +2 flail of protection
 u - the +8 quarterstaff "Fonloup" {holy, rC+ Int+4 SInv}
   (You found it on level 3 of the Dungeon)

   It has been blessed by the Shining One to cause great damage to the undead
   and demons.
   Int:       It affects your intelligence (+4).
   rC:        It protects you from cold.
   SInv:      It lets you see invisible.
 x - a +2 antimagic whip
 A - a +2 short sword of draining
 C - a +2 battleaxe
 I - a +4 short sword of venom
 J - a +2 dagger of venom
 L - a +1 whip of freezing
Missiles
 e - 63 arrows
 f - 154 stones (quivered)
 j - 10 poisoned darts
 l - 26 bolts
 y - 2 boomerangs
Armour
 d - a +0 chain mail (worn)
 v - a +0 cloak (worn)
 w - a +0 pair of gloves (worn)
 D - a +0 helmet (worn)
 E - a +0 pair of boots (worn)
 M - the +0 robe of a sewer {+Inv rElec}
   (You bought it in a shop on level 6 of the Dungeon)

   rElec:     It insulates you from electricity.
   +Inv:      It lets you turn invisible.
Jewellery
 q - a ring of flight (left hand)
 H - a ring of ice
Wands
 m - a wand of iceblast (4)
 o - a wand of charming (4)
 s - a wand of flame (6)
Scrolls
 g - 4 scrolls of identify
 h - a scroll of teleportation
 F - a scroll of enchant armour {unknown}
 G - a scroll of enchant weapon {unknown}
Potions
 b - a potion of curing
 c - 2 potions of might
 k - a potion of berserk rage
 p - a potion of brilliance
 r - a potion of mutation
 z - 2 potions of resistance
 B - 2 potions of ambrosia
 K - 2 potions of heal wounds


   Skills:
 + Level 8.0 Fighting
 + Level 4.5 Short Blades
 + Level 4.5 Long Blades
 + Level 4.5 Axes
 + Level 4.5 Maces & Flails
 + Level 8.0 Polearms
 + Level 4.5 Staves
 + Level 4.5 Slings
 + Level 4.5 Bows
 + Level 4.5 Crossbows
 + Level 4.5 Throwing
 + Level 6.5 Armour
 + Level 6.5 Dodging
 + Level 4.5 Stealth
 + Level 4.5 Shields
 + Level 4.5 Unarmed Combat
 + Level 4.5 Spellcasting
 + Level 3.7 Conjurations
 + Level 3.7 Hexes
 + Level 3.7 Summonings
 + Level 3.7 Necromancy
 + Level 3.7 Translocations
 + Level 3.7 Transmutations
 + Level 3.7 Fire Magic
 + Level 3.7 Ice Magic
 + Level 3.7 Air Magic
 + Level 3.7 Earth Magic
 + Level 3.7 Poison Magic
 + Level 5.0 Invocations
 + Level 4.5 Evocations


You had 17 spell levels left.
You didn't know any spells.
Your spell library was empty.

Dungeon Overview and Level Annotations

Branches:
Dungeon (7/15)             Temple (0/1) D:5

Altars:
Uskayaw
The Shining One

Shops:
D:6 [

Annotations:
D:7 Joseph


Innate Abilities, Weirdness & Mutations

You have very sharp teeth.
Your uncanny sense of smell can sniff out nearby items.
Your experience applies equally to all skills.


Message History

You feel sick.
You slash the gnoll!
You kill the gnoll!
Trog accepts your kill.
You feel sick.
You feel sick.
You see here a +0 club.
You slash Joseph!
Joseph is moderately wounded.
You are no longer berserk.
You are exhausted.
You feel yourself slow down.
You feel sick.
Your skin crawls.
You feel strong-willed.
You feel sick. Joseph hits you but does no damage. x2
You're still recovering from your berserk rage.
You feel very mighty all of a sudden.
You feel sick. Joseph hits you with a +0 quarterstaff.
* * * LOW HITPOINT WARNING * * *
The gnoll hits you with a +0 flail.
* * * LOW HITPOINT WARNING * * *
You slash Joseph!
Joseph is moderately wounded.
You completely miss the gnoll.
You feel sick. Joseph hits you with a +0 quarterstaff.
* * * LOW HITPOINT WARNING * * *
The gnoll hits you but does no damage. Joseph hits you but does no damage.
You slash Joseph!
Joseph is heavily wounded.
You completely miss the gnoll.
You feel sick. The gnoll barely misses you. Joseph hits you but does no damage.
The gnoll hits you but does no damage. Joseph hits you but does no damage.
You closely miss Joseph. You punch Joseph.
Joseph is heavily wounded.
You barely miss the gnoll.
You feel sick.
You are no longer poisoned.
The gnoll hits you with a +0 flail.
* * * LOW HITPOINT WARNING * * *
Joseph hits you with a +0 quarterstaff!
You die...

#...####..........
##..# #.........#
#..#####..#......
##.....#...##.....
#...#..#..##.....
##..##.....#.....
#................
#......)))g......
##.....)).@@......
#.......)##.......
#....###.# #######
#....# ...#
#$......#..#
#........#.##
#.........#.#
#...........#
###..........


You could see Joseph and a gnoll.

Vanquished Creatures
  Pikel (D:6)
  Prince Ribbit (D:6)
  Duvessa (D:6)
  An ice beast (D:7)
  An orc warrior (D:7)
  A necrophage (D:6)
  An ogre (D:6)
  A centaur (D:5)
  2 phantoms (D:5)
  3 lemures (D:6)
  3 bullfrogs
  A gnoll sergeant (D:7)
  4 scorpions
  A water moccasin zombie (D:5)
  2 water moccasin skeletons
  Dowan (D:6)
  4 wights (D:4)
  A howler monkey (D:7)
  A hound (D:6)
  An orc priest (D:3)
  A bullfrog skeleton (D:5)
  A centaur skeleton (D:7)
  Terence (D:3)
  5 iguanas
  4 orc wizards
  A hound zombie (D:5)
  A hound skeleton (D:5)
  A howler monkey zombie (D:4)
  8 adders
  4 gnolls (D:7)
  A shadow imp (D:6)
  An adder skeleton (D:4)
  A worm (D:4)
  A dart slug (D:3)
  12 orcs
  5 ball pythons
  7 bats
  7 endoplasms
  4 giant cockroaches
  4 goblins
  7 hobgoblins
  5 quokkas
  2 frilled lizards
  8 kobolds
  4 rats
128 creatures vanquished.

Vanquished Creatures (others)
  A plant (D:7)
1 creature vanquished.

Grand Total: 129 creatures vanquished

Notes
Turn   | Place    | Note
-------+----------+-------------------------------------------
     0 | D:1      | fknight the Gnoll Berserker began the quest for the Orb.
     0 | D:1      | Reached XP level 1. HP: 23/23 MP: 1/1
   323 | D:1      | Reached XP level 2. HP: 29/29 MP: 2/2
  1072 | D:1      | Found a faded altar of an unknown god.
  1131 | D:2      | Reached XP level 3. HP: 35/35 MP: 3/3
  1132 | D:2      | Reached skill level 1 in Invocations
  1262 | D:2      | Reached skill level 1 in Short Blades
  1262 | D:2      | Reached skill level 1 in Long Blades
  1262 | D:2      | Reached skill level 1 in Axes
  1262 | D:2      | Reached skill level 1 in Maces & Flails
  1262 | D:2      | Reached skill level 1 in Staves
  1262 | D:2      | Reached skill level 1 in Slings
  1262 | D:2      | Reached skill level 1 in Bows
  1262 | D:2      | Reached skill level 1 in Crossbows
  1262 | D:2      | Reached skill level 1 in Throwing
  1262 | D:2      | Reached skill level 1 in Stealth
  1262 | D:2      | Reached skill level 1 in Shields
  1262 | D:2      | Reached skill level 1 in Unarmed Combat
  1262 | D:2      | Reached skill level 1 in Spellcasting
  1262 | D:2      | Reached skill level 1 in Evocations
  1368 | D:2      | Found a glowing golden altar of the Shining One.
  1405 | D:2      | Reached XP level 4. HP: 40/41 MP: 5/5
  1931 | D:3      | Identified the +10 hand axe of Myl Zets {vorpal, Str+4}
  1956 | D:3      | Reached ** piety under Trog
  1961 | D:3      | Reached skill level 1 in Conjurations
  1961 | D:3      | Reached skill level 1 in Hexes
  1961 | D:3      | Reached skill level 1 in Summonings
  1961 | D:3      | Reached skill level 1 in Necromancy
  1961 | D:3      | Reached skill level 1 in Translocations
  1961 | D:3      | Reached skill level 1 in Transmutations
  1961 | D:3      | Reached skill level 1 in Fire Magic
  1961 | D:3      | Reached skill level 1 in Ice Magic
  1961 | D:3      | Reached skill level 1 in Air Magic
  1961 | D:3      | Reached skill level 1 in Earth Magic
  1961 | D:3      | Reached skill level 1 in Poison Magic
  2114 | D:3      | Reached XP level 5. HP: 44/47 MP: 5/7
  2174 | D:3      | Noticed Terence
  2189 | D:3      | Killed Terence
  2477 | D:3      | Identified the +8 quarterstaff "Fonloup" {holy, rC+ Int+4
                  | SInv}
  2806 | D:4      | Reached XP level 6. HP: 51/53 MP: 8/8
  2841 | D:4      | Reached skill level 5 in Armour
  2841 | D:4      | Reached skill level 5 in Dodging
  3125 | D:4      | Found a hide-covered altar of Uskayaw.
  3268 | D:4      | Reached XP level 7. HP: 44/58 MP: 10/10
  3592 | D:5      | Entered Level 5 of the Dungeon
  3652 | D:5      | Found a staircase to the Ecumenical Temple.
  3702 | D:5      | Reached XP level 8. HP: 39/67 MP: 10/12
  4287 | D:6      | Reached *** piety under Trog
  4298 | D:6      | Noticed Duvessa
  4299 | D:6      | Noticed Dowan
  4308 | D:6      | Killed Duvessa
  4312 | D:6      | Killed Dowan
  4815 | D:6      | Noticed Pikel
  4817 | D:6      | Noticed Prince Ribbit
  4821 | D:6      | Reached XP level 9. HP: 64/73 MP: 14/14
  4829 | D:6      | Killed Pikel
  4834 | D:6      | Killed Prince Ribbit
  5103 | D:6      | Found Komnin's Antique Armour Boutique.
  5281 | D:6      | Bought an opalescent robe for 176 gold pieces
  5281 | D:6      | Identified the +0 robe of a sewer {+Inv rElec} (You bought
                  | it in a shop on level 6 of the Dungeon)
  5407 | D:7      | Noticed Joseph
  5410 | D:7      | Reached skill level 5 in Invocations
  5419 | D:7      | Slain by Joseph

Illustrated notes

Levels and vault maps discovered:
D:1:      dpeg_arrival_renting, layout_loops_ring,
          shapermc_ecumenical_altar_hornbeckon
D:2:      layout_rooms, basic_altar, kennysheep_potato
D:3:      layout_loops_ring, patterned_corridor, uniq_terence
D:4:      layout_cave_pools, old_standard_altar
D:5:      layout_rooms, minmay_temple_entry_gardened_gates,
          nicolae_figureground_pulse
D:6:      layout_basic, serial_shops, nicolae_shop_statue_plus,
          uniq_prince_ribbit1, uniq_duvessa, uniq_pikel
D:7:      layout_cave_pools, gammafunk_ghost_grave, serial_shops,
          nicolae_take_the_stairs, serial_bayou_pond_a, serial_bayou_pond_a,
          grunt_decor_clamped, uniq_joseph

Skill      XL: |  1  2  3  4  5  6  7  8  9 |
---------------+----------------------------+-----
Invocations    | 1 2 3 4 5 |  5.0
Short Blades   | 1 2 3 4 |  4.5
Long Blades    | 1 2 3 4 |  4.5
Axes           | 1 2 3 4 |  4.5
Maces & Flails | 1 2 3 4 |  4.5
Staves         | 1 2 3 4 |  4.5
Slings         | 1 2 3 4 |  4.5
Bows           | 1 2 3 4 |  4.5
Crossbows      | 1 2 3 4 |  4.5
Throwing       | 1 2 3 4 |  4.5
Stealth        | 1 2 3 4 |  4.5
Shields        | 1 2 3 4 |  4.5
Unarmed Combat | 1 2 3 4 |  4.5
Spellcasting   | 1 2 3 4 |  4.5
Evocations     | 1 2 3 4 |  4.5
Conjurations   | 1 2 3 |  3.7
Hexes          | 1 2 3 |  3.7
Summonings     | 1 2 3 |  3.7
Necromancy     | 1 2 3 |  3.7
Translocations | 1 2 3 |  3.7
Transmutations | 1 2 3 |  3.7
Fire Magic     | 1 2 3 |  3.7
Ice Magic      | 1 2 3 |  3.7
Air Magic      | 1 2 3 |  3.7
Earth Magic    | 1 2 3 |  3.7
Poison Magic   | 1 2 3 |  3.7
Armour         | 5 6 |  6.5
Dodging        | 5 6 |  6.5
Fighting       | 7 8 |  8.0
Polearms       | 7 8 |  8.0

Action                   |  1- 3 |  4- 6 |  7- 9 || total
-------------------------+-------+-------+-------++-------
Melee: Spear             |   106 |    58 |       ||   164
       Bite              |    11 |     8 |     5 ||    24
       Hand axe          |       |    70 |   126 ||   196
       Punch             |       |     2 |     4 ||     6
Throw: Stone             |       |     9 |       ||     9
Invok: Berserk           |     1 |     1 |     3 ||     5
       Trog's Hand       |       |       |     2 ||     2
  Use: Scroll            |       |       |    13 ||    13
       Potion            |       |       |     1 ||     1
 Stab: Sleeping          |     1 |       |       ||     1
Armor: Animal skin       |     7 |       |       ||     7
       Ring mail         |    19 |    15 |       ||    34
       Scale mail        |       |    23 |     1 ||    24
       Chain mail        |       |       |    87 ||    87
Dodge: Dodged            |    50 |    45 |    75 ||   170
